 Dungeon Sprint DCSS version 0.31-a0-702-gf82c85558f (webtiles) character file.

Game seed: 10128587282081803578

310 sircluck the Grappler (level 6, 0/59 (68) HPs)
             Began as a Troll Berserker on Sept 8, 2023.
             Was a High Priest of Trog.
             Slain by a wight
             ... wielding a +3 halberd
              (6 damage)
             ... in the Dungeon (Sprint VII: "The Pits").
             The game lasted 00:00:47 (232 turns).

sircluck the Grappler (Troll Berserker)              Turns: 232, Time: 00:00:47

HP:   0/59 (68)     AC:  4    Str: 28    XL:     6   Next: 18%
MP:   5/5           EV: 11    Int:  3    God:    Trog [*****.]
Gold: 0             SH:  0    Dex:  9    Spells: 5/5 levels left

rFire   . .          .
                       - Unarmed
rCold   . . .        (no shield)
rNeg    . . .        a - +0 animal skin
rPois   .            (helmet restricted)
rElec   .            (no cloak)
rCorr   .            (gloves unavailable)
SInv    .            (boots unavailable)
Will    .....        (no amulet)
Stlth   +            (no ring)
HPRegen 1.09/turn    (no ring)
MPRegen 0.09/turn

%: no teleportation
@: on berserk cooldown, slowed, heavily drained, very slow
A: large, unfitting armour, claws 3, regeneration 1, shaggy fur 1, tough skin 1
a: Renounce Religion, Berserk, Trog's Hand, Brothers in Arms


You were in the Dungeon.
You worshipped Trog.
Trog was extremely pleased with you.
You visited 1 branch

Inventory:

Armour
 a - a +0 animal skin (worn)
Scrolls
 g - a scroll of blinking
 i - 2 scrolls of vulnerability
 j - a scroll of butterflies
Potions
 b - 6 potions of curing
 c - 4 potions of heal wounds
 d - a potion of haste
 e - 4 potions of magic
 f - 3 potions of berserk rage
 h - 2 potions of invisibility


   Skills:
 + Level 6.8 Fighting
 + Level 6.7 Dodging
 + Level 8.1 Unarmed Combat


You had 5 spell levels left.
You didn't know any spells.
Your spell library was empty.

Dungeon Overview and Level Annotations

Branches:
Dungeon (1/1)

Altars:
Ashenzari
Cheibriados
Dithmenos
Elyvilon
Fedhas
Gozag
Hepliaklqana
Kikubaaqudgha
Makhleb
Nemelex Xobeh
Okawaru
Qazlal
Ru
Sif Muna
Trog
Uskayaw
Vehumet
Wu Jian
Xom
Yredelemnul
Zin
The Shining One
Jiyva
Lugonu


Innate Abilities, Weirdness & Mutations

You are too large for most types of armour.
You have claws for hands.
Your natural rate of healing is unusually fast.
You are covered in fur. (AC +1)
You have tough skin. (AC +1)


Message History

The iguana hisses angrily.
You hear an angry growl.
Things that are here:
a +0 mace; a +0 club; an orc corpse You feel a strong urge to attack something.
The orc closely misses you.
A black bear comes into view.
The wight hits you from afar with a +3 halberd!
* * * LOW HITPOINT WARNING * * *
You feel drained.
* * * LOW HITPOINT WARNING * * *
Things that are here:
a +0 dagger; a +0 robe; an orc corpse You mangle the orc!!
You kill the orc!
Trog accepts your kill.
The wight hits you from afar with a +3 halberd!
* * * LOW HITPOINT WARNING * * *
You are no longer berserk.
You are exhausted.
You feel yourself slow down.
Things that are here:
a +0 mace; a +0 club; an orc corpse You feel much better.
The wight hits you with a +0 halberd!
The wight hits you from afar with a +3 halberd.
You feel drained.
Things that are here:
a +0 dagger; a +0 robe; an orc corpse You barely miss the wight.
The wight hits you but does no damage.
The wight hits you from afar with a +3 halberd.
You feel drained.
You mangle the wight!!
You destroy the wight!
Trog accepts your kill. The wight barely misses you. The centaur hits you.
The centaur barely misses you.
The wight hits you from afar with a +3 halberd!
* * * LOW HITPOINT WARNING * * *
You feel drained.
You die...

#'#####'#####.....
#.#.....#[[##.....
#.#.....#))#####'#
#.###'###))##.....
#)#.)...#))##.....
#)#.....#..##.....
#)####'##'###...<.
#)#..).....##.....
#@#........##.....
#c###########.....


#zh ###### #z.. #...# #..## #... #... You could see a black bear, a centaur and
2 wights.

Vanquished Creatures
  A necrophage (D)
  2 scorpions (D)
  A wight (D)
  3 orc priests (D)
  An orc wizard (D)
  A gnoll (D)
  An adder zombie (D)
  5 orcs (D)
  A goblin (D)
  A kobold (D)
  2 quokkas (D)
19 creatures vanquished.

Notes
Turn   | Place    | Note
-------+----------+-------------------------------------------
     0 | D        | sircluck the Troll Berserker began the quest for the Orb.
     0 | D        | Reached XP level 1. HP: 22/22 MP: 0/0
    73 | D        | Found a bloodstained altar of Trog.
    73 | D        | Found a shimmering blue altar of Sif Muna.
    73 | D        | Found a viscous altar of Jiyva.
    73 | D        | Found a hazy altar of Hepliaklqana.
    73 | D        | Found an opulent altar of Gozag.
    74 | D        | Found a glowing golden altar of the Shining One.
    74 | D        | Found a glowing silver altar of Zin.
    74 | D        | Found a basalt altar of Yredelemnul.
    74 | D        | Found a shimmering altar of Xom.
    74 | D        | Found an ornate altar of the Wu Jian Council.
    74 | D        | Found a sacrificial altar of Ru.
    74 | D        | Found a stormy altar of Qazlal.
    74 | D        | Found an iron altar of Okawaru.
    74 | D        | Found a sparkling altar of Nemelex Xobeh.
    74 | D        | Found a burning altar of Makhleb.
    74 | D        | Found a blossoming altar of Fedhas.
    74 | D        | Found a white marble altar of Elyvilon.
    74 | D        | Found a shadowy altar of Dithmenos.
    74 | D        | Found a snail-covered altar of Cheibriados.
    78 | D        | Found a corrupted altar of Lugonu.
    78 | D        | Found a radiant altar of Vehumet.
    79 | D        | Found a broken altar of Ashenzari.
    79 | D        | Found an ancient bone altar of Kikubaaqudgha.
    79 | D        | Found a hide-covered altar of Uskayaw.
   102 | D        | Noticed a scorpion
   107 | D        | Killed a scorpion
   108 | D        | Reached skill level 5 in Unarmed Combat
   108 | D        | Reached XP level 2. HP: 25/32 MP: 1/1
   108 | D        | Reached XP level 3. HP: 31/39 MP: 2/2
   109 | D        | Reached ** piety under Trog
   115 | D        | Noticed a scorpion
   120 | D        | Killed a scorpion
   121 | D        | Reached skill level 5 in Fighting
   121 | D        | Reached skill level 5 in Dodging
   121 | D        | Reached skill level 6 in Unarmed Combat
   121 | D        | Reached XP level 4. HP: 41/50 MP: 3/3
   137 | D        | Noticed a necrophage
   140 | D        | Reached *** piety under Trog
   145 | D        | Killed a necrophage
   146 | D        | Reached skill level 7 in Unarmed Combat
   146 | D        | Reached XP level 5. HP: 59/59 MP: 4/4
   210 | D        | Reached **** piety under Trog
   216 | D        | Reached XP level 6. HP: 60/68 MP: 5/5
   221 | D        | Reached skill level 8 in Unarmed Combat
   224 | D        | Reached ***** piety under Trog
   232 | D        | Slain by a wight

Illustrated notes

Levels and vault maps discovered:
D:        pitsprint [storerooms_1, entrance_room_1, metal_vault_2, armoury_1,
          mini_pit_1, grid_room_1, main_hall_1, silver_pit, the_coven_3,
          the_vestibule_1, steel_vault_2, golden_pit, hallway_of_sentries,
          crystal_vault_1, iron_vault_4, final_vault]

Skill      XL: |  1  2  3  4  5  6 |
---------------+-------------------+-----
Fighting       | 4 5 6 |  6.8
Dodging        | 4 5 6 |  6.7
Unarmed Combat | 5 6 7 8 |  8.1

Action                     |  1- 3 |  4- 6 || total
---------------------------+-------+-------++-------
  Melee: Unarmed           |    18 |    31 ||    49
         Punch             |       |     1 ||     1
 Invoke: Berserk           |       |     1 ||     1
    Use: Potion            |       |     2 ||     2
 Armour: Animal skin       |    14 |    22 ||    36
  Dodge: Dodged            |     9 |    16 ||    25

Table legend: (Time is in decaauts)
 A = Elapsed time spent in this place.
 B = Non-inter-level travel time spent in this place.
 C = Inter-level travel time spent in this place.
 D = Time resting spent in this place.
 E = Time spent auto-exploring this place.
 F = Levels seen in this place.
 G = Mean time per level.
                   A        B        C        D        E       F      G
               +--------+--------+--------+--------+--------+-----+--------+
         Total |    223 |    223 |      0 |     11 |     38 |   1 |  223.0 |
       Dungeon |    223 |    223 |      0 |     11 |     38 |   1 |  223.0 |
               +--------+--------+--------+--------+--------+-----+--------+

Top non-repeatable levels by time:
       D: 223 daAuts
